Map: King's Cove LE

Players

INnoVation - Winner!

  • Race: Terran Terran
  • League: Grandmaster
  • Spawn Location: 5:00

Quaterno

  • Race: Zerg Zerg
  • League: Master
  • Spawn Location: 11:00

VOD

Have the link to the VOD?

Description

Time

  • Played on: June 20, 2019, 3:59 a.m.
  • Length: 8:24
Show
View Real Time Build Order
Export as new Build Order

INnoVation Terran - Winner!

Build Orders: Mech 

Get SALT Encoding   

  12  0:00  SCV  
  13  0:12  SCV  
  14  0:17  Supply Depot  
  14  0:24  SCV  
  15  0:28  Refinery  
  15  0:39  SCV  
  16  0:45  Barracks  
  16  0:51  SCV  
  17  1:03  SCV  
  18  1:15  SCV  
  19  1:32  Orbital Command, Reaper  
  20  1:45  Command Center  
  20  1:56  Factory  
  20  2:00  SCV  
  21  2:07  Barracks Reactor  
  21  2:12  SCV  
  22  2:16  Supply Depot  
  22  2:19  Refinery  
  22  2:24  SCV  
  23  2:37  SCV  
  24  2:48  Starport  
  24  2:49  SCV  
  25  2:52  Hellion x2  
  25  2:57  Orbital Command  
  29  3:00  Marine  
  29  3:02  SCV  
  31  3:14  SCV  
  31  3:17  Marine  
  31  3:19  Hellion x2  
  37  3:26  SCV x2  
  39  3:31  Fusion Core  
  39  3:39  SCV  
  39  3:40  SCV  
  41  3:41  Supply Depot  
  41  3:42  Starport Tech Lab  
  41  3:51  SCV  
  41  3:52  SCV  
  41  3:53  Supply Depot  
  43  4:08  SCV x2  
  45  4:18  Battlecruiser, Hellion x2  
  45  4:20  SCV x2  
  57  4:29  Supply Depot  
  57  4:32  SCV x2  
  58  4:41  Command Center  
  58  4:45  SCV x2  
  60  4:51  Refinery x2  
  60  4:57  Factory  
  60  4:58  SCV x2, Factory  
  62  5:10  SCV x2  
  62  5:12  Supply Depot  
  64  5:17  Hellion x2  
  68  5:22  SCV x2  
  70  5:29  Supply Depot  
  70  5:34  SCV x2  
  70  5:35  Supply Depot  
  72  5:37  Armory  
  72  5:39  Armory  
  72  5:45  Barracks Tech Lab  
  72  5:46  SCV  
  72  5:47  SCV  
  74  5:52  Factory Tech Lab  
  74  5:53  Orbital Command  
  74  5:56  Infernal Pre-Igniter  
  74  6:00  SCV x2  
  76  6:10  Refinery, Cyclone  
  76  6:11  Refinery, Cyclone  
  82  6:12  SCV x2  
  82  6:17  Supply Depot  
  84  6:19  Supply Depot  
  84  6:24  SCV  
  84  6:25  SCV x2  
  87  6:27  Terran Vehicle Weapons Level 1, Terran Vehicle And Ship Armor Level 1  
  87  6:28  Hellion  
  87  6:30  Hellion  
  87  6:31  Starport Reactor  
  87  6:32  Barracks Reactor  
  91  6:36  SCV  
  91  6:37  SCV x2  
  94  6:43  Supply Depot  
  94  6:44  Cyclone  
  94  6:46  Cyclone  
  100  6:52  SCV x3  
  103  6:59  Factory  
  103  7:00  Factory  
  103  7:06  SCV x3  
  103  7:07  Supply Depot  
  106  7:10  Engineering Bay  
  106  7:16  Siege Tank  
  106  7:18  Command Center, Siege Tank  
  112  7:24  Hellion  
  112  7:25  Hellion  
  112  7:26  SCV x3  
  119  7:38  SCV x3  
  122  7:54  Hellion  
  122  7:55  Hellion  
  135  8:02  Missile Turret x2  
Show
View Real Time Build Order
Export as new Build Order

Quaterno Zerg 

Build Orders: Hatch First, Muta Ling Bane 

Get SALT Encoding   

  12  0:00  Drone  
  13  0:12  Overlord  
  13  0:18  Drone  
  14  0:31  Drone x2  
  16  0:50  Hatchery  
  16  0:53  Drone  
  16  0:56  Drone  
  17  1:00  Drone  
  18  1:11  Extractor  
  17  1:16  Spawning Pool  
  16  1:18  Drone  
  16  1:22  Drone  
  18  1:28  Drone  
  19  1:39  Drone  
  20  1:49  Hatchery  
  20  1:52  Drone  
  20  2:02  Queen  
  20  2:05  Zergling x2  
  23  2:09  Zergling x2  
  24  2:17  Queen  
  26  2:25  Overlord  
  26  2:29  Metabolic Boost  
  26  2:43  Drone x4  
  29  2:45  Drone  
  29  2:59  Zergling x2, Drone x2  
  29  3:02  Drone  
  33  3:05  Queen  
  35  3:13  Queen  
  35  3:19  Overlord  
  36  3:27  Zergling x8  
  40  3:34  Drone  
  40  3:36  Overlord  
  40  3:37  Overlord  
  41  3:42  Drone  
  41  3:44  Drone  
  41  3:45  Drone  
  41  3:47  Drone  
  41  3:48  Drone  
  46  3:58  Drone x2  
  46  3:59  Drone x3  
  50  4:10  Drone x2  
  50  4:11  Drone  
  50  4:14  Drone  
  50  4:17  Spore Crawler  
  53  4:21  Queen, Spore Crawler  
  53  4:22  Spore Crawler, Drone x2  
  56  4:24  Drone  
  56  4:35  Drone  
  56  4:37  Extractor x2  
  56  4:38  Overlord x2  
  55  4:39  Lair  
  55  4:40  Drone  
  55  4:44  Drone  
  57  4:56  Overlord x2, Baneling Nest  
  57  4:57  Drone  
  57  4:58  Drone x2  
  59  5:00  Queen  
  59  5:02  Drone  
  59  5:05  Drone  
  59  5:06  Drone  
  64  5:08  Drone x2  
  64  5:09  Drone  
  67  5:14  Drone x3  
  67  5:18  Drone x2  
  67  5:20  Drone x2  
  74  5:28  Queen  
  75  5:36  Drone x2  
  75  5:42  Drone  
  73  5:43  Drone  
  73  5:45  Drone x2  
  73  5:46  Queen x2  
  73  5:47  Drone  
  73  5:48  Drone  
  82  5:51  Extractor, Drone  
  82  5:53  Drone  
  83  6:01  Spire  
  83  6:02  Drone  
  83  6:03  Drone  
  84  6:06  Overseer, Spore Crawler  
  83  6:18  Extractor  
  83  6:19  Baneling x3  
  83  6:21  Overlord  
  83  6:22  Overlord  
  82  6:25  Hatchery  
  81  6:33  Roach Warren, Drone x2  
  81  6:37  Evolution Chamber  
  81  6:39  Queen  
  83  6:42  Overlord x3  
  83  6:47  Drone x2  
  84  6:49  Drone  
  85  6:57  Overlord x2  
  85  6:58  Zergling x8  
  85  7:00  Centrifical Hooks  
  89  7:10  Overlord x2  
  89  7:12  Drone  
  89  7:13  Drone x4  
  89  7:14  Extractor, Drone  
  94  7:16  Mutalisk x2  
  94  7:17  Mutalisk  
  94  7:21  Drone  
  101  7:24  Drone  
  101  7:29  Mutalisk x3  
  108  7:35  Roach x4  
  116  7:45  Roach  
  116  7:46  Roach x2  
  123  7:55  Baneling x8  
  123  7:56  Baneling x3  
  117  8:01  Roach x5  
Tags
 
Add a new tag
Caveats
  • Supply blocks, unpowered buildings, or Contaminate may cause inaccurate times.
  • Supply counts are checked every 10 seconds.